 Dungeon Crawl Stone Soup version 0.26.0-90-g5fd8617961 (webtiles) character file.

Game seed: 13874980042777455783

2090 swilekon the Firebug (level 9, 0/51 HPs)
             Began as an Octopode Fire Elementalist on Feb 3, 2021.
             Was an Initiate of Gozag.
             Slain by an unseen horror (5 damage)
             ... on level 7 of the Dungeon.
             The game lasted 00:19:40 (7699 turns).

swilekon the Firebug (Octopode Fire Elementalist)   Turns: 7699, Time: 00:19:41

Health: 0/51       AC:  1    Str:  5 (8)  XL:     9   Next: 27%
Magic:  17/17      EV: 14    Int: 23 (26) God:    Gozag
Gold:   718        SH:  0    Dex:  6 (12) Spells: 10/19 levels left

rFire    + . .     SeeInvis .   c - +1 dagger
rCold    . . .     Faith    .   (no shield)
rNeg     . . .     Spirit   .   (helmet restricted)
rPois    .         Reflect  .   d - amulet of magic regeneration
rElec    .         Harm     .   j - ring of flight
rCorr    .         Rampage  .   l - +6 ring of intelligence
Will     .....                  p - ring of protection from fire
Stlth    +++.......             (no ring)
HPRegen  0.17/turn              (no ring)
MPRegen  0.40/turn              (no ring)
                                (no ring)
                                (no ring)

@: no status effects
A: almost no armour, stealthy swim, amphibious, 8 rings, constrict 8, camouflage
1, gelatinous body 1
a: Renounce Religion, Evoke Flight, Potion Petition, Call Merchant, Bribe Branch


You were on level 7 of the Dungeon.
You worshipped Gozag.
Gozag was pleased with you.
You visited 2 branches of the dungeon, and saw 8 of its levels.

You collected 789 gold pieces.
You paid 71 gold pieces to Gozag.

Inventory:

Hand Weapons
 c - a +1 dagger (weapon)
Jewellery
 d - an amulet of magic regeneration (around mantle)
 f - an uncursed amulet of faith {unknown}
 j - a ring of flight (left tentacle)
 l - a +6 ring of intelligence (right tentacle)
 p - a ring of protection from fire (on tentacle)
Wands
 s - a wand of digging (10)
 w - a wand of flame (14)
Scrolls
 g - a scroll of blinking
 i - a scroll of remove curse
 k - a scroll of fog
 o - 2 scrolls of enchant weapon
 t - 4 scrolls of teleportation
 v - 2 scrolls of identify
 x - a scroll of random uselessness {unknown}
Potions
 a - 3 potions of ambrosia
 b - a potion of degeneration
 e - 4 potions of curing {unknown}
 h - a potion of attraction {unknown}
 m - a potion of heal wounds {unknown}
 n - a potion of lignification {unknown}
 q - a potion of flight {unknown}
 r - a potion of berserk rage {unknown}
 u - a potion of haste {unknown}


   Skills:
 + Level 6.0 Dodging
 - Level 5.0 Stealth
 + Level 5.5 Spellcasting
 + Level 5.8 Conjurations
 + Level 6.5 Fire Magic


You had 10 spell levels left.
You knew the following spells:

 Your Spells              Type           Power        Failure   Level
a - Foxfire               Conj/Fire      100%         1%          1
b - Inner Flame           Hex/Fire       21%          7%          3
c - Fireball              Conj/Fire      17%          21%         5

Your spell library contained the following spells:

 Spells                   Type           Power        Failure   Level
 Conjure Flame            Conj/Fire      34%          2%          3
 Sticky Flame             Conj/Fire      34%          7%          4
 Animate Skeleton         Necr           12%          9%          1
 Apportation              Tloc           12%          9%          1
 Corona                   Hex            6%           9%          1
 Summon Small Mammal      Summ           24%          9%          1
 Confusing Touch          Hex            6%           26%         3
 Gell's Gravitas          Tloc           3%           26%         3
 Petrify                  Tmut/Erth      6%           65%         4
 Metabolic Englaciation   Hex/Ice        3%           94%         5
 Yara's Violent Unravell  Hex/Tmut       3%           94%         5


Dungeon Overview and Level Annotations

Branches:
Dungeon (7/15)             Temple (1/1) D:4

Altars:
Ashenzari
Cheibriados
Dithmenos
Elyvilon
Fedhas
Gozag
Kikubaaqudgha
Nemelex Xobeh
Okawaru
Qazlal
Ru
Sif Muna
Trog
Vehumet
Wu Jian
Yredelemnul
Zin
The Shining One

Shops:
D:5 (

Annotations:
D:3 2 transporters
D:7 Maggie


Innate Abilities, Weirdness & Mutations

You cannot wear most types of armour.
You are very stealthy in the water. (Stealth+)
You are amphibious.
You can wear up to eight rings at the same time.
You can use your tentacles to constrict eight enemies at once.
Your skin changes colour to match your surroundings (Stealth+).
Your rubbery body absorbs attacks. (AC +1, EV +1)


Message History

Found a stone staircase leading down.
You see here a silvery potion.
You conjure some foxfire!
Something hits you.
The foxfire hits something.
You conjure some foxfire!
Something hits you!
The foxfire hits something but does no damage.
Maggie the Vainglorious comes into view.
She is wielding a +0 broad axe.
The foxfire hits something!
The foxfire hits something but does no damage.
Something barely misses you. Something hits you! Something hits you!
* * * LOW HITPOINT WARNING * * *
Something hits you.
* * * LOW HITPOINT WARNING * * *
It was a potion of degeneration.
There was something very wrong with that liquid.
You feel weakened.
You feel dopey.
You feel clumsy. Something hits you.
You die...
Your body crumbles into a pile of gold.

#.......... .......
.......>#.# .....#
#####.#.#.#)..# .....
..##.#...#...#
...####.##.#!....#.#
..#..#.##.#...#.#.#
#.#.......#.......#
######.#.#####.#...#.###
...............#@.......
######.#.####......#.###
..........###..........#
.......................#
..........####...#)#...#
.......................#
..........#########...##
..........# .....
..........# ..###..


There were no monsters in sight!

Vanquished Creatures
  Sigmund (D:6)
  Duvessa (D:6)
  An ice beast (D:6)
  A black bear (D:6)
  An eye of draining (D:5)
  An ogre (D:5)
  4 centaurs
  2 bullfrogs
  A gnoll sergeant (D:5)
  Dowan (D:6)
  A scorpion (D:5)
  2 vampire bats (D:3)
  2 howler monkeys
  2 quasits
  A bullfrog zombie (D:5)
  A jelly (D:7)
  A hound (D:5)
  Terence (D:3)
  5 orc wizards
  A worker ant (D:5)
  A hound skeleton (D:6)
  A worker ant zombie (D:6)
  7 gnolls
  11 adders
  A white imp (D:4)
  2 ufetubi (D:5)
  2 oozes
  2 adder skeletons
  An adder zombie (D:5)
  4 worms
  8 leopard geckos
  24 orcs
  3 bat skeletons (D:3)
  3 bat zombies (D:3)
  7 giant cockroaches
  8 goblins
  5 hobgoblins
  15 jackals
  2 quokkas
  A ball python zombie (D:5)
  6 bats
  8 frilled lizards
  A giant cockroach zombie (D:5)
  3 kobolds
  5 rats
162 creatures vanquished.

Vanquished Creatures (collateral kills)
  2 foxfires
2 creatures vanquished.

Vanquished Creatures (others)
  834 foxfires
834 creatures vanquished.

Grand Total: 998 creatures vanquished

Notes
Turn   | Place    | Note
-------+----------+-------------------------------------------
     0 | D:1      | swilekon the Octopode Fire Elementalist began the quest for
                  | the Orb.
     0 | D:1      | Reached XP level 1. HP: 11/11 MP: 3/3
   192 | D:1      | Reached XP level 2. HP: 17/17 MP: 3/5
   866 | D:2      | Reached XP level 3. HP: 21/21 MP: 4/6
   925 | D:2      | Found a sacrificial altar of Ru.
   964 | D:2      | Found an iron altar of Okawaru.
  1389 | D:2      | Reached XP level 4. HP: 27/27 MP: 3/7
  1940 | D:2      | Learned a level 3 spell: Inner Flame
  2307 | D:3      | Found a transporter.
  2325 | D:3      | Found a transporter.
  2524 | D:3      | Reached XP level 5. HP: 31/31 MP: 4/9
  2643 | D:3      | Found a radiant altar of Vehumet.
  2667 | D:3      | Found a stormy altar of Qazlal.
  3501 | D:3      | Noticed Terence
  3510 | D:3      | Killed Terence
  3563 | D:3      | Found an ancient bone altar of Kikubaaqudgha.
  3586 | D:3      | Reached XP level 6. HP: 36/36 MP: 3/10
  3992 | D:4      | Reached skill level 5 in Stealth
  3999 | D:4      | Reached XP level 7. HP: 38/41 MP: 1/12
  4052 | D:4      | Found a shimmering blue altar of Sif Muna.
  4313 | D:4      | Found a staircase to the Ecumenical Temple.
  4337 | Temple   | Entered the Ecumenical Temple
  4557 | Temple   | Became a worshipper of Gozag Ym Sagoz the Greedy
  4937 | D:4      | Found a shadowy altar of Dithmenos.
  5199 | D:5      | Entered Level 5 of the Dungeon
  5199 | D:5      | Found Kologhoas's Antique Weapon Shop.
  5477 | D:5      | Reached skill level 5 in Fire Magic
  5477 | D:5      | Reached XP level 8. HP: 46/46 MP: 8/14
  5862 | D:5      | Found a basalt altar of Yredelemnul.
  6089 | D:5      | Reached skill level 5 in Dodging
  6119 | D:5      | Found a glowing golden altar of the Shining One.
  6434 | D:6      | Found an opulent altar of Gozag.
  6466 | D:6      | Noticed Sigmund
  6472 | D:6      | Killed Sigmund
  6508 | D:6      | Reached skill level 5 in Conjurations
  6568 | D:6      | Reached skill level 5 in Spellcasting
  6841 | D:6      | Reached XP level 9. HP: 24/51 MP: 8/16
  7015 | D:6      | Noticed Duvessa
  7024 | D:6      | Killed Duvessa
  7026 | D:6      | Noticed Dowan
  7030 | D:6      | Killed Dowan
  7627 | D:7      | Learned a level 5 spell: Fireball
  7694 | D:7      | Noticed Maggie
  7699 | D:7      | Slain by an unseen horror

Illustrated notes

Levels and vault maps discovered:
D:1:      eino_arrival_tree_alley, layout_loops_ring, serial_glass,
          glass_columns_a, glass_columns_b, minmay_misc_feat_secret_circle
D:2:      layout_basic, okawaru_trees_1, lemuel_doored_altar
D:3:      gammafunk_steamed_eel, layout_basic, kennysheep_vampire_church,
          fiery_altar_vehumet, nicolae_qazlal_eye_of_the_storm, uniq_terence
D:4:      layout_basic, grunt_dithmenos_smoke_and_mirrors, old_standard_altar,
          minmay_temple_entry_overgrown
D:5:      layout_cave_pods, lemuel_round_altar, general_overflow_altar,
          serial_shops, nicolae_shop_overgrown_old_shop
D:6:      layout_cave_pods, nicolae_gozag_seed_capital, uniq_duvessa,
          uniq_sigmund
D:7:      layout_basic, grunt_temple_overflow_champion_of_chaos, uniq_pikel,
          uniq_maggie
Temple:   jpeg_temple_island

Skill      XL: |  1  2  3  4  5  6  7  8  9 |
---------------+----------------------------+-----
Stealth        | 3 4 5 |  5.0
Conjurations   | 2 3 4 5 |  5.8
Dodging        | 3 4 5 6 |  6.0
Spellcasting   | 3 4 5 |  5.5
Fire Magic     | 4 5 6 |  6.5

Action                   |  1- 3 |  4- 6 |  7- 9 || total
-------------------------+-------+-------+-------++-------
Melee: Dagger            |    10 |    14 |     9 ||    33
       Constrict         |     4 |     3 |     1 ||     8
       Tentacles         |     2 |     2 |       ||     4
 Cast: Foxfire           |    79 |   217 |   245 ||   541
       Inner Flame       |       |     1 |     4 ||     5
       Fireball          |       |       |     1 ||     1
  Use: Scroll            |     6 |     1 |       ||     7
       Potion            |       |       |     1 ||     1
Armor: Skin              |     3 |     4 |     3 ||    10
Dodge: Dodged            |    19 |    32 |    40 ||    91
